 Dungeon Crawl Stone Soup version 0.22-a0-300-g82e80c5 (webtiles) character file.

32787 JeffiDaFish the Arsonist (level 13, -12/86 HPs)
             Began as a Green Draconian Fire Elementalist on Mar 25, 2018.
             Was a High Priest of Vehumet.
             Mangled by a four-headed hydra (14 damage)
             ... on level 5 of the Lair of Beasts.
             The game lasted 01:05:51 (21716 turns).

JeffiDaFish the Arsonist (DrFE)                    Turns: 21716, Time: 01:05:51

Health: -12/86     AC: 10    Str: 13    XL:     13   Next: 33%
Magic:  2/37       EV: 13    Int: 20    God:    Vehumet [*****.]
Gold:   782        SH:  0    Dex: 13    Spells: 8/35 levels left

rFire    . . .     SeeInvis .   p - +3 halberd (flame)
rCold    . . .     Gourm    .   (shield currently unavailable)
rNeg     . . .     Faith    .   (armour unavailable)
rPois    +         Spirit   .   (helmet restricted)
rElec    .         Reflect  .   n - +0 cloak
rCorr    .         Harm     .   r - +0 pair of gloves {Str+3}
MR       .....                  (no boots)
Stlth    ++........             (no amulet)
HPRegen  0.24/turn              f - ring of wizardry
MPRegen  0.25/turn              j - ring of magical power

@: no status effects
A: breathe noxious fumes, unfitting armour, poison resistance, cold-blooded, AC
+8
a: Breathe Noxious Fumes, Renounce Religion


You were on level 5 of the Lair of Beasts.
You worshipped Vehumet.
Vehumet was extremely pleased with you.
You were very hungry.

You visited 3 branches of the dungeon, and saw 15 of its levels.

You collected 782 gold pieces.

Inventory:

Hand Weapons
 p - a +3 halberd of flaming (weapon)
Armour
 n - a +0 cloak (worn)
 r - a +0 pair of gloves of strength (worn)
Jewellery
 c - an uncursed ring of protection from fire
 f - a ring of wizardry (left hand)
 j - a ring of magical power (right hand)
 v - the ring of Burom {Dex+4 SInv Stlth-}
   (You found it on level 8 of the Dungeon)

   [ring of loudness]

   It affects your dexterity (+4).
   It lets you see invisible.
   It makes you less stealthy.
 w - a +3 ring of dexterity
Wands
 l - a wand of iceblast (7)
 u - a wand of flame (19)
 x - a wand of acid (4)
 C - a wand of paralysis (11)
Scrolls
 a - 7 scrolls of remove curse
 e - 4 scrolls of identify
 i - 2 scrolls of magic mapping
 k - a scroll of fear
 o - 8 scrolls of teleportation
 y - a scroll of summoning
 A - a scroll of amnesia
 B - 2 scrolls of fog
Potions
 d - 2 potions of lignification
 g - 5 potions of curing
 h - 2 potions of haste
 q - a potion of resistance
 s - 4 potions of brilliance
 t - a potion of cancellation
 z - a potion of mutation {unknown}
 D - a potion of heal wounds
Comestibles
 b - 18 rations


   Skills:
 + Level 7.1 Polearms
 - Level 2.4 Dodging
 - Level 1.7 Stealth
 * Level 11.6 Spellcasting
 * Level 11.5 Conjurations
 * Level 11.7 Fire Magic
 - Level 9.2 Poison Magic


You had 8 spell levels left.
You knew the following spells:

 Your Spells              Type           Power        Failure   Level  Hunger
a - Flame Tongue          Conj/Fire      #####        1%          1    None
b - Conjure Flame         Conj/Fire      ######..     1%          3    None
c - Sticky Flame          Conj/Fire      ######..     1%          4    #......
d - Fireball              Conj/Fire      ######....   1%          5    ####...
e - Orb of Destruction    Conj           ######....   4%          7    #######
f - Ignite Poison         Fire/Tmut/Pois #####...     1%          3    None
g - Force Lance           Conj/Tloc      ####....     1%          4    #......


Dungeon Overview and Level Annotations

Branches:
Dungeon (9/15)             Temple (1/1) D:4            Lair (5/6) D:9
  Swamp (0/4) Lair:2       Spider (0/4) Lair:3
  Slime: Lair:5-6       Orc: D:9-12

Altars:
Ashenzari
Cheibriados
Dithmenos
Elyvilon
Fedhas
Kikubaaqudgha
Makhleb
Nemelex Xobeh
Okawaru
Qazlal
Ru
Sif Muna
Trog
Uskayaw
Vehumet
Xom
Yredelemnul
Zin
The Shining One


Innate Abilities, Weirdness & Mutations

You can breathe blasts of noxious fumes.
Your lurid green scales are hard. (AC +8)
You cannot fit into any form of body armour.
Your system is resistant to poisons. (rPois)
You are cold-blooded and may be slowed by cold attacks.


Message History

The four-headed hydra barely misses you.
The four-headed hydra bites you but does no damage.
The four-headed hydra closely misses you.
The four-headed hydra bites you.
* * * LOW HITPOINT WARNING * * *
The four-headed hydra completely misses you.
The four-headed hydra barely misses you.
The four-headed hydra closely misses you.
Welcome back, JeffiDaFish the Green Draconian Fire Elementalist.
Vehumet says: Let it end in hellfire!
Press ? for a list of commands and other information.
As you read the scroll of fear, it crumbles to dust.
You assume a fearsome visage.
The four-headed hydra looks frightened!
The four-headed hydra resists with almost no effort.
The four-headed hydra bites you.
* * * LOW HITPOINT WARNING * * *
The four-headed hydra misses you.
The four-headed hydra bites you but does no damage.
The four-headed hydra bites you!
You die...

#..## ....# ##...
....# .... ......
... .....+ #P #..
#.....# #..
##.####......#
#.#..#..#..#÷.....#
#..(.(..@D..[....#
##......÷D........
#..(...÷.........
#................
#................
...#...##.#.......
##P..#...#..##.....
#...#....... .....
P. #.. ..... ...


You could see 2 four-headed hydras.

Vanquished Creatures
  Harold (Lair:2)
  3 hydras
  A two-headed ogre (D:8)
  A queen ant (Lair:2)
  Urug (Lair:5)
  6 death yaks
  Pikel (D:5)
  2 black mambas (Lair:1)
  Joseph (D:7)
  Psyche (D:8)
  6 spiny frogs
  A rime drake (Lair:2)
  2 komodo dragons (Lair:1)
  A polar bear (Lair:4)
  5 jumping spiders (Lair:3)
  7 dream sheep (Lair:4)
  8 hippogriffs
  20 blink frogs
  2 redbacks (Lair:3)
  A wyvern (Lair:4)
  A spriggan (Lair:4)
  4 basilisks
  17 yaks
  Grum (D:9)
  A steam dragon (D:8)
  6 soldier ants (Lair:2)
  7 water moccasins
  8 porcupines
  A black bear (Lair:4)
  A hornet zombie (D:6)
  2 ice beasts
  2 orc warriors
  2 ogres
  The ghost of Likado the Charlatan, an amateur DsAr (D:4)
  5 centaurs
  A phantom (D:9)
  15 wolves
  14 crocodiles
  A big kobold (D:8)
  Blork the orc (D:6)
  10 bullfrogs
  6 scorpions
  4 killer bees (D:7)
  3 electric eels
  3 howler monkeys (D:8)
  3 crimson imps
  A jelly (D:8)
  4 hounds
  7 orc wizards
  2 orc priests (D:9)
  33 worker ants
  Terence (D:3)
  4 iguanas
  A hound skeleton (D:4)
  9 gnolls
  17 adders
  A shadow imp (D:9)
  3 worms
  6 leopard geckos
  31 orcs
  A ball python (D:2)
  5 bats (D:1)
  5 giant cockroaches
  12 goblins
  12 hobgoblins
  3 jackals
  8 quokkas
  A ball python skeleton (D:4)
  4 frilled lizards
  9 kobolds
  2 quokka skeletons (D:8)
  A quokka zombie (D:4)
  9 rats
  A plant (Lair:3)
384 creatures vanquished.

Vanquished Creatures (others)
  A wizard (D:7)
  6 fungi
  4 plants
11 creatures vanquished.

Grand Total: 395 creatures vanquished

Notes
Turn   | Place    | Note
-------+----------+-------------------------------------------
     0 | D:1      | JeffiDaFish the Draconian Fire Elementalist began the quest for the Orb.
     0 | D:1      | Reached XP level 1. HP: 14/14 MP: 3/3
   200 | D:1      | Reached XP level 2. HP: 20/20 MP: 3/5
  1147 | D:1      | Reached XP level 3. HP: 26/26 MP: 1/6
  1798 | D:2      | Found a basalt altar of Yredelemnul.
  2192 | D:2      | Reached XP level 4. HP: 33/33 MP: 4/8
  2209 | D:2      | Found a shattered altar of Ashenzari.
  2467 | D:2      | Found an iron altar of Okawaru.
  2628 | D:2      | Learned a level 3 spell: Conjure Flame
  2633 | D:2      | Learned a level 4 spell: Sticky Flame
  2738 | D:3      | Noticed Terence
  2744 | D:3      | Killed Terence
  2938 | D:3      | Reached XP level 5. HP: 38/38 MP: 9/9
  3216 | D:3      | Found a sacrificial altar of Ru.
  4005 | D:4      | Found a snail-covered altar of Cheibriados.
  4210 | D:4      | Found a staircase to the Ecumenical Temple.
  4214 | D:4      | Reached XP level 6. HP: 45/45 MP: 12/12
  4234 | Temple   | Entered the Ecumenical Temple
  4240 | Temple   | Became a worshipper of Vehumet
  4311 | D:4      | Noticed Likado's ghost (amateur DsAr)
  4599 | D:4      | Killed Likado's ghost
  4886 | D:4      | Your scales start taking on a lurid green colour.
  4886 | D:4      | Reached XP level 7. HP: 38/50 MP: 14/14
  4886 | D:4      | Gained mutation: Your system is resistant to poisons. (rPois) [Green Draconian growth]
  5233 | D:4      | Learned a level 5 spell: Fireball
  5239 | D:4      | Reached skill level 5 in Spellcasting
  5615 | D:4      | Reached skill level 5 in Fire Magic
  5762 | D:5      | Entered Level 5 of the Dungeon
  5774 | D:5      | Reached * piety under Vehumet
  5774 | D:5      | Offered knowledge of Sting by Vehumet.
  6192 | D:5      | Found a shadowy altar of Dithmenos.
  6513 | D:5      | Noticed Pikel
  6528 | D:5      | Killed Pikel
  6528 | D:5      | Reached skill level 5 in Conjurations
  6528 | D:5      | Reached XP level 8. HP: 50/57 MP: 15/18
  6563 | D:5      | Learned a level 1 spell: Sting
  6588 | D:5      | Found a glowing golden altar of the Shining One.
  7016 | D:5      | Reached skill level 1 in Poison Magic
  7153 | D:6      | Found a radiant altar of Vehumet.
  7501 | D:6      | Reached XP level 9. HP: 22/62 MP: 20/20
  7852 | D:6      | Found a blossoming altar of Fedhas.
  7865 | D:6      | Noticed Blork the orc
  7877 | D:6      | Killed Blork the orc
  8157 | D:6      | Found a deep blue altar of Sif Muna.
  8578 | D:7      | Reached ** piety under Vehumet
  8578 | D:7      | Offered knowledge of Freeze by Vehumet.
  8638 | D:7      | Reached skill level 1 in Polearms
  8884 | D:7      | Found a bloodstained altar of Trog.
  8885 | D:7      | Noticed a wizard
  8891 | D:7      | Killed a wizard
  8946 | D:7      | Noticed Joseph
  8956 | D:7      | Killed Joseph
  9650 | D:8      | Offered knowledge of Ignite Poison by Vehumet.
  9673 | D:8      | Learned a level 3 spell: Ignite Poison
  9722 | D:8      | Noticed Psyche
  9728 | D:8      | Killed Psyche
  9728 | D:8      | Reached skill level 5 in Poison Magic
  9847 | D:8      | Got a flickering golden ring
  9876 | D:8      | Reached XP level 10. HP: 55/69 MP: 19/22
 10006 | D:8      | Noticed a two-headed ogre
 10011 | D:8      | Killed a two-headed ogre
 10238 | D:8      | Reached *** piety under Vehumet
 10799 | D:9      | Found a staircase to the Lair.
 10803 | D:9      | Found a blossoming altar of Fedhas.
 11277 | D:9      | Learned a level 4 spell: Force Lance
 11693 | D:9      | Noticed Grum
 11708 | D:9      | Killed Grum
 11735 | D:9      | Found an iron altar of Okawaru.
 12408 | Lair:1   | Entered Level 1 of the Lair of Beasts
 12420 | Lair:1   | Noticed a black mamba
 12425 | Lair:1   | Killed a black mamba
 12502 | Lair:1   | Noticed a seven-headed hydra
 12504 | Lair:1   | Reached XP level 11. HP: 37/74 MP: 20/24
 12844 | Lair:1   | Killed a five-headed hydra
 12846 | Lair:1   | Offered knowledge of Static Discharge by Vehumet.
 14876 | Lair:2   | Noticed a death yak
 14876 | Lair:2   | Noticed a death yak
 14876 | Lair:2   | Noticed a death yak
 14876 | Lair:2   | Noticed a death yak
 14876 | Lair:2   | Noticed a death yak
 14879 | Lair:2   | Noticed a death yak
 14886 | Lair:1   | Killed a death yak
 15065 | Lair:1   | Killed a death yak
 15304 | Lair:2   | Killed a death yak
 15310 | Lair:1   | Killed a death yak
 15310 | Lair:1   | Reached skill level 5 in Polearms
 15310 | Lair:1   | Reached skill level 10 in Spellcasting
 15517 | Lair:1   | Killed a death yak
 15775 | Lair:1   | HP: 2/74 [death yak (21)]
 15778 | Lair:1   | Killed a death yak
 16190 | Lair:2   | Reached XP level 12. HP: 64/81 MP: 26/26
 16286 | Lair:2   | Found a staircase to the Swamp.
 16317 | Lair:2   | Reached skill level 10 in Fire Magic
 16610 | Lair:2   | Reached skill level 10 in Conjurations
 16753 | Lair:2   | Reached **** piety under Vehumet
 16908 | Lair:2   | Offered knowledge of Airstrike by Vehumet.
 17125 | Lair:2   | Noticed a queen ant
 17138 | Lair:2   | Killed a queen ant
 17235 | Lair:2   | Noticed Harold
 17243 | Lair:2   | Killed Harold
 18271 | Lair:3   | Noticed an eight-headed hydra
 18285 | Lair:3   | HP: 3/81 [seven-headed hydra (5)]
 18287 | Lair:3   | Killed a six-headed hydra
 18982 | Lair:3   | Found a hole to the Spider Nest.
 19547 | Lair:4   | Reached XP level 13. HP: 76/86 MP: 17/28
 20012 | Lair:4   | Identified the ring of Burom {Dex+4 SInv Stlth-} (You found it on level 8 of the Dungeon)
 20075 | Lair:4   | Reached ***** piety under Vehumet
 20085 | Lair:4   | Offered knowledge of Orb of Destruction by Vehumet.
 20094 | Lair:4   | Learned a level 7 spell: Orb of Destruction
 21315 | Lair:5   | Noticed Urug
 21705 | Lair:5   | Killed Urug
 21716 | Lair:5   | HP: 2/86 [four-headed hydra (4)]
 21716 | Lair:5   | Mangled by a four-headed hydra

Vault maps used:
D:1:      lemuel_arrival_broad_hall
D:2:      lemuel_coloured_pillars_altar, ashenzari_conservatory_becter,
          okawaru_trees_2
D:3:      first_ration, nicolae_ru_great_annihilating_truth, uniq_terence
D:4:      cheibriados_altar_1, minmay_temple_entry_statues_pillars,
          serial_forest, infiniplex_forest_clump_double,
          infiniplex_forest_end_2, infiniplex_forest_clump_long,
          infiniplex_forest_lined_room_2, infiniplex_forest_lined_2
D:5:      nicolae_dithmenos_through_a_glass_darkly, serial_curves,
          eino_curves_03, eino_curves_01, eino_curves_02,
          nicolae_tso_carved_into_rock, uniq_pikel
D:6:      nicolae_overflow_crystal_walls, lemuel_doored_altar, basic_altar,
          uniq_blork_the_orc
D:7:      trog_wizard, uniq_joseph
D:8:      blue_anna_alchemist, uniq_psyche
D:9:      kennysheep_mini, minmay_lair_entry_grove, chequers_big_river,
          fedhas_altar_2, uniq_grum
Temple:   eino_narrow_crystal_temple
Lair:1:   serial_bayou_shore_a, grunt_megastairs_2
Lair:2:   swamp_mist_pool, zaba_antful_of_joy, infiniplex_staircase_pool_2,
          serial_bayou_shore_b, uniq_harold
Lair:3:   spider_nest_entry_a, serial_bayou_shore_b
Lair:4:   forest_entry_grove
Lair:5:   basic_altar, uniq_urug

Skill      XL: |  1  2  3  4  5  6  7  8  9 10 11 12 13 |
---------------+----------------------------------------+-----
Dodging        | 2 |  2.4
Conjurations   | 2 3 5 6 7 8 9 11 | 11.5
Spellcasting   | 3 4 6 7 8 9 10 11 | 11.6
Fire Magic     | 4 5 6 7 8 9 11 | 11.7
Poison Magic   | 2 5 7 9 |  9.2
Polearms       | 2 3 5 6 7 |  7.1
Stealth        | |  1.7

Action                   |  1- 3 |  4- 6 |  7- 9 | 10-12 | 13-15 || total
-------------------------+-------+-------+-------+-------+-------++-------
Melee: Unarmed           |    17 |       |       |       |       ||    17
       Spear             |    86 |    59 |   292 |       |       ||   437
       Tailslap          |     6 |     7 |    30 |    16 |     3 ||    62
       Halberd           |       |       |    80 |   114 |    34 ||   228
 Cast: Flame Tongue      |    47 |   120 |   121 |    95 |     8 ||   391
       Sticky Flame      |       |     6 |    24 |    89 |    14 ||   133
       Conjure Flame     |       |     1 |       |       |       ||     1
       Fireball          |       |       |    15 |   113 |    20 ||   148
       Sting             |       |       |     1 |       |       ||     1
       Ignite Poison     |       |       |     1 |       |       ||     1
       Force Lance       |       |       |       |    14 |    15 ||    29
 Abil: Breathe Noxious F |       |       |     1 |     6 |       ||     7
Evoke: Wand              |       |       |     1 |       |       ||     1
  Use: Scroll            |     6 |     2 |     9 |     7 |     3 ||    27
       Potion            |     3 |     1 |     6 |     6 |       ||    16
 Stab: Sleeping          |     1 |       |     3 |       |       ||     4
       Distracted        |       |       |     1 |       |       ||     1
       Confused          |       |       |       |     2 |       ||     2
  Eat: Chunk             |     5 |     7 |    20 |    33 |    10 ||    75
       Ration            |       |     1 |     1 |     8 |       ||    10
Armor: Skin              |    33 |    31 |   159 |    78 |    25 ||   326
Dodge: Dodged            |    72 |    71 |   251 |   145 |    49 ||   588

Table legend:
 A = Spawn XP
 B = Non-spawn XP
 C = Spawn XP percentage of total XP
 D = Spawn monster count
 E = Non-spawn monster count
 F = Spawn count percentage of total count
 G = Total turns spent on level
                    A         B        C        D         E        F      G
               +---------+---------+-------+---------+---------+-------+---------
         Total |       0 |   46839 |   0.0 |       0 |     383 |   0.0 | 21716
               +---------+---------+-------+---------+---------+-------+---------
           D:1 |       0 |      48 |   0.0 |       0 |      29 |   0.0 |  1529
           D:2 |       0 |      64 |   0.0 |       0 |      22 |   0.0 |  1152
           D:3 |       0 |     186 |   0.0 |       0 |      29 |   0.0 |  1600
           D:4 |       0 |     720 |   0.0 |       0 |      32 |   0.0 |  1515
           D:5 |       0 |    1212 |   0.0 |       0 |      15 |   0.0 |  1616
           D:6 |       0 |     899 |   0.0 |       0 |      20 |   0.0 |  1214
           D:7 |       0 |    1041 |   0.0 |       0 |      19 |   0.0 |   824
           D:8 |       0 |    3102 |   0.0 |       0 |      28 |   0.0 |  1387
           D:9 |       0 |    2879 |   0.0 |       0 |      33 |   0.0 |  1850
        Lair:1 |       0 |   10451 |   0.0 |       0 |      27 |   0.0 |  3423
        Lair:2 |       0 |    9716 |   0.0 |       0 |      60 |   0.0 |  1897
        Lair:3 |       0 |    6929 |   0.0 |       0 |      28 |   0.0 |  1789
        Lair:4 |       0 |    6622 |   0.0 |       0 |      31 |   0.0 |  1845
        Lair:5 |       0 |    2970 |   0.0 |       0 |      10 |   0.0 |    50
               +---------+---------+-------+---------+---------+-------+---------
